 Dungeon Crawl Stone Soup version 0.29-a0-100-g60f898f876 (webtiles) character file.

Game seed: 7142336019344865935

18 kae the Ruffian (level 2, -1/23 HPs)
             Began as a Draconian Transmuter on Feb 14, 2022.
             Slain by an adder (3 damage)
             ... on level 2 of the Dungeon.
             The game lasted 00:00:43 (831 turns).

kae the Ruffian (Draconian Transmuter)               Turns: 831, Time: 00:00:43

Health: -1/23      AC:  4    Str: 12    XL:     2   Next: 48%
Magic:  4/5        EV: 12    Int: 13    God:
Gold:   75         SH:  0    Dex: 11    Spells: 4/5 levels left

rFire   . . .      SeeInvis .     - Unarmed
rCold   . . .      Faith    .   (no shield)
rNeg    . . .      Spirit   .   (armour unavailable)
rPois   .          Reflect  .   (helmet currently unavailable)
rElec   .          Harm     .   (no cloak)
rCorr   .          Rampage  .   (no gloves)
Will    .....                   (boots currently unavailable)
Stlth   +.........              (no amulet)
HPRegen 0.07/turn               (no ring)
MPRegen 0.09/turn               (no ring)

@: brilliant, lethally poisoned (-1 -> -5), appendages (expiring), flying
A: horns 2, talons 2, AC +4, unfitting armour, cold-blooded
a: End Transformation


You were on level 2 of the Dungeon.
You had temporarily grown beastly horns and talons.
You visited 1 branch of the dungeon, and saw 2 of its levels.

You collected 103 gold pieces.
You spent 28 gold pieces at shops.

Inventory:

Scrolls
 b - 2 scrolls of identify
 d - a scroll of magic mapping {unknown}
 f - a scroll of summoning {unknown}
 g - a scroll of holy word {unknown}
Potions
 e - a potion of curing
 h - a potion of lignification {unknown}
 i - a potion of ambrosia {unknown}


   Skills:
 + Level 1.3 Fighting
 + Level 2.0 Dodging
 * Level 3.3 Unarmed Combat
 + Level 2.1 Spellcasting
 * Level 2.3 Transmutations


You had 4 spell levels left.
You knew the following spells:

 Your Spells              Type           Power      Damage    Failure   Level
a - Beastly Appendage     Tmut           22%        N/A       10%         1

Your spell library contained the following spells:

 Spells                   Type           Power      Damage    Failure   Level
 Wereblood                Tmut           11%        N/A       14%         2
 Sublimation of Blood     Necr           2%         N/A       36%         2
 Spider Form              Tmut/Pois      6%         N/A       43%         3
 Ice Form                 Ice/Tmut       6%         N/A       83%         4
 Summon Hydra             Summ           1%         N/A       100%        7


Dungeon Overview and Level Annotations

Branches:
Dungeon (2/15)

Altars:

Shops:
D:1 ?


Innate Abilities, Weirdness & Mutations

You have temporarily grown beastly horns and talons.
Your plain brown scales are hard. (AC +4)
You cannot fit into any form of body armour.
You are cold-blooded and may be slowed by cold attacks.


Message History

* * * LOW HITPOINT WARNING * * *
You feel sick. The adder barely misses you.
You hit the adder.
The adder is severely wounded.
* * * LOW HITPOINT WARNING * * *
You feel sick. The adder misses you.
It was a potion of brilliance.
You feel clever all of a sudden.
* * * LOW HITPOINT WARNING * * *
You feel sick. The adder bites you but does no damage.
It was a potion of flight.
You feel very buoyant.
You fly up into the air.
* * * LOW HITPOINT WARNING * * *
You feel sick. The adder closely misses you. The adder bites you.
* * * LOW HITPOINT WARNING * * *
It was a potion of curing.
You feel better. The adder barely misses you.
Casting: Beastly Appendage (safe; 10% risk of failure)
Confirm with . or Enter, or press ? or * to list all spells.
You feel a surge of power!
You grow a pair of large bovine horns.
Your feet morph into talons.
The adder bites you but does no damage. The adder bites you.
You are lethally poisoned!
The adder poisons you! The adder closely misses you.
You hit the adder.
The adder is almost dead.
Your transformation is almost over.
* * * LOW HITPOINT WARNING * * *
You feel sick. The adder bites you but does no damage.
You barely miss the adder. Your headbutt misses the adder.
The adder is almost dead.
* * * LOW HITPOINT WARNING * * *
You feel sick. The adder bites you.
* * * LOW HITPOINT WARNING * * *
You closely miss the adder.
The adder is almost dead.
* * * LOW HITPOINT WARNING * * *
You feel sick. The adder bites you.
You die...

#######.#
#.......## ..
#####.##....# ..
#.<.........# .#
####
#.###.#[....#
.#.... #.
#.#.....# .#..#
#. #.#.##### ...
#. #....##.####S#
## #####...#..@.#
##.#.#.#......#
#....#.#......#
#......#.......#
#...#####....#..#
#.... .....# .#
#...# .....# #
#...# .....# #..


You could see an adder.

Vanquished Creatures
  A worm (D:2)
  A ball python (D:1)
  2 bats (D:1)
  3 giant cockroaches (D:1)
  2 goblins (D:1)
  A kobold (D:1)
  A quokka (D:1)
  A rat (D:1)
12 creatures vanquished.

Notes
Turn   | Place    | Note
-------+----------+-------------------------------------------
     0 | D:1      | kae the Draconian Transmuter began the quest for the Orb.
     0 | D:1      | Reached XP level 1. HP: 16/16 MP: 3/3
     2 | D:1      | Noticed a vampire
     4 | D:1      | Noticed a draconian
     4 | D:1      | Noticed a demigod
     6 | D:1      | Noticed a gargoyle
     8 | D:1      | Noticed an octopode
     8 | D:1      | Noticed a vine stalker
    10 | D:1      | Noticed an ogre
    12 | D:1      | Noticed a human
    14 | D:1      | Noticed a formicid
    14 | D:1      | Noticed a demonspawn
    16 | D:1      | Noticed a dwarf
    16 | D:1      | Noticed a ghoul
    18 | D:1      | Noticed an elf
    18 | D:1      | Noticed a tengu
    20 | D:1      | Noticed a spriggan
    20 | D:1      | Noticed a naga
    22 | D:1      | Noticed a felid
    24 | D:1      | Noticed a minotaur
    24 | D:1      | Noticed a troll
    26 | D:1      | Noticed a merfolk
   266 | D:1      | Found Homejo's Magic Scroll Boutique.
   279 | D:1      | Reached XP level 2. HP: 19/23 MP: 3/5
   413 | D:1      | Found a faded altar of an unknown god.
   683 | D:1      | Bought a scroll of identify for 28 gold pieces
   831 | D:2      | Slain by an adder

Illustrated notes

Levels and vault maps discovered:
D:1:      kb_arrival_jail, layout_rooms, serial_shops, shop,
          hellmonk_ecumenical_altar_lost_god
D:2:      layout_basic, kennysheep_donut, corexii_item_surrounded_by_moat,
          uniq_robin, uniq_natasha

Skill      XL: |  1  2 |
---------------+-------+-----
Dodging        | 2 |  2.0
Fighting       | |  1.3
Unarmed Combat | |  3.3
Spellcasting   | |  2.1
Transmutations | |  2.3

Action                   || total
-------------------------++-------
Melee: Unarmed           ||    48
       Headbutt          ||     4
       Punch             ||     1
       Kick              ||     4
       Tailslap          ||     1
 Cast: Beastly Appendage ||    10
  Use: Potion            ||     3
Armor: Skin              ||    14
Dodge: Dodged            ||    39

Table legend: (Time is in decaauts)
 A = Elapsed time spent in this place.
 B = Non-inter-level travel time spent in this place.
 C = Inter-level travel time spent in this place.
 D = Time resting spent in this place.
 E = Time spent auto-exploring this place.
 F = Levels seen in this place.
 G = Mean time per level.
                   A        B        C        D        E       F      G
               +--------+--------+--------+--------+--------+-----+--------+
         Total |    827 |    795 |     32 |      0 |    662 |   2 |  413.5 |
       Dungeon |    827 |    795 |     32 |      0 |    662 |   2 |  413.5 |
               +--------+--------+--------+--------+--------+-----+--------+

Top non-repeatable levels by time:
     D:1: 686 daAuts
     D:2: 141 daAuts
